Unix NetHack Version 5.0.0-0 post-release - last build Jun 10 2026 00:39:30 (3ee93aec679c4c4259841fe613dc97188e26a321,branch:main).

Game began 2026-06-22 17:12:55, ended 2026-06-22 17:29:00.

Barrb, neutral female human Barbarian

                                                          -------       ---|--
                                                          |....<@##     |....|
                                                          |...(.|@######.....|
                                                          ......|#  #   |....|
                                                          --.--.-   ####-....|
                                                                        ------

Barrb the Pillager         St:18 Dx:18 Co:18 In:7 Wi:8 Ch:6  Neutral
Dlvl:6  $:66 HP:0(54) Pw:13(13) AC:6  Xp:4 T:2322 

Latest messages:
 Idefix appears next to you!
 You attack thin air.
 Idefix falls into a pit!
 You find a hidden door.
 The door opens.
 You see here 8 gold pieces.
 $ - 8 gold pieces (66 in total).
 You swap places with Idefix.
 You hear the footsteps of a guard on patrol.
 You try to move the boulder, but in vain.
 You swap places with Idefix.
 You swap places with Idefix.
 The iguana bites!
 You smite the iguana!
 You kill the iguana!
 The grid bug bites!
 You avoid harm.
 You kill the grid bug!
 The grid bug bites!
 You avoid harm.
 You kill the grid bug!
 You descend the stairs.
 You see here a chest.
 The chest is empty.
 You swap places with Idefix.
 The panther hits!
 The panther hits again!
 The panther bites!
 The panther hits!
 The panther hits again!
 The panther bites!
 You smite the panther!
 The panther hits!
 The panther hits again!
 The panther bites!
 You kill the panther!
 Idefix eats a panther corpse.
 You swap places with Idefix.
 You swap places with Idefix.
 The Green-elf wields a morning star named Trollsbane!
 What do you want to wear? [ho or ?*] o
 You finish your dressing maneuver.
 You smite the Green-elf!
 The Green-elf swings her morning star named Trollsbane.
 The Green-elf hits!
 You smite the Green-elf!
 The Green-elf swings her morning star named Trollsbane.
 The Green-elf hits!
 You die...
 Do you want your possessions identified? [ynq] (y) q

Inventory:
 Coins    ('$')
  $ - 66 gold pieces
 Weapons  (')')
  l - 21 +0 darts (at the ready)
  r - 10 +0 shuriken
  a - a +0 battle-axe (weapon in hands)
  b - a +0 short sword (alternate weapon; not wielded)
 Armor    ('[')
  h - a cursed -2 helm of caution
  o - an uncursed +0 orcish helm (being worn)
  c - an uncursed +0 ring mail (being worn)
 Comestibles  ('%')
  p - 2 uncursed lembas wafers
 Spellbooks  ('+')
  t - an uncursed spellbook of cone of cold
  j - a cursed spellbook of confuse monster
  e - an uncursed spellbook of knock
 Potions  ('!')
  u - an uncursed potion of confusion
  q - an uncursed potion of extra healing
  g - a cursed potion of extra healing
  i - 3 uncursed potions of gain ability
  s - an uncursed potion of hallucination
  f - 6 uncursed potions of healing
 Tools    ('(')
  v - an uncursed magic whistle
  m - a cursed tallow candle
 Gems/Stones  ('*')
  n - an uncursed worthless piece of violet glass
  k - a cursed worthless piece of violet glass

Barrb the Barbarian's attributes:

Background:
 You were a Pillager, a level 4 female human Barbarian.
 You were neutral, on a mission for Crom
 who was opposed by Mitra (lawful) and Set (chaotic).
 You were right-handed.
 You were in the Dungeons of Doom, on level 6.
 You entered the dungeon 2322 turns ago.
 You had 141 experience points, 19 more were needed to attain level 5.

Basics:
 You had 0 out of 54 hit points.
 You had all 13 energy points (spell power).
 Your armor class was 6.
 Your wallet contained 66 zorkmids.
 Autopickup was off.

Final Characteristics:
 Your strength was 18 (limit:18/100).
 Your dexterity was 18 (limit:18).
 Your constitution was 18 (limit:18).
 Your intelligence was 7 (limit:18).
 Your wisdom was 8 (limit:18).
 Your charisma was 6 (limit:18).

Final Status:
 You weren't hungry.
 You were unencumbered.
 You were wielding an axe.
 You had basic skill with axe.

Final Attributes:
 You were devoutly aligned.
 You were poison resistant.
 You were telepathic.
 You were warded.
 You are dead.

Miscellaneous:
 You encountered 1 bones level.
 Total elapsed playing time was 16 minutes and 5 seconds.

Major events:
 Turn
    1: Barrb the neutral female human Barbarian entered the dungeon
 1214: entered the Gnomish Mines
 1337: attained the rank of Pillager (level 3)
 2319: found Trollsbane carried by a monster
 2322: killed by a Green-elf

You didn't know any spells.

Skills:
 Fighting Skills
   bare handed combat [Basic]
   two weapon combat  [Unskilled]
   riding             [Unskilled]
 Weapon Skills
   dagger             [Unskilled]
   axe                [Basic]
   pick-axe           [Unskilled]
   short sword        [Basic]
   broadsword         [Unskilled]
   long sword         [Unskilled]
   two-handed sword   [Unskilled]
   saber              [Unskilled]
   club               [Unskilled]
   mace               [Unskilled]
   morning star       [Unskilled]
   flail              [Unskilled]
   hammer             [Unskilled]
   quarterstaff       [Unskilled]
   spear              [Unskilled]
   trident            [Unskilled]
   bow                [Unskilled]
 Spellcasting Skills
   attack spells      [Unskilled]
   escape spells      [Unskilled]

Voluntary challenges:
 Character rerolling was not enabled.
 You were illiterate.
 You never genocided any monsters.
 You never polymorphed an object.
 You never changed form.
 You used no wishes.
Achievements:
 You entered the Gnomish Mines.
 You attained the rank of Pillager.
 You entered a shop.

 The Dungeons of Doom: levels 1 to 8
    Level 1:
    Level 2:
       Many fountains.
    Level 3:
    Level 4:
       A vegetarian food shop, an altar.
       Stairs down to The Gnomish Mines.
    Level 5:
       A sink.
    Level 6: <- You were here.
       Final resting place for
          you, killed by a Green-elf,
          needler-Tou-Hum-Mal-Neu, killed by a Green-elf.
    Level 8:
 The Gnomish Mines:
    Level 5:


Vanquished creatures:
  a panther
  a straw golem
  a baby crocodile
  2 floating eyes
  a homunculus
 an iguana
  a gas spore
  2 giant rats
  a gnome zombie
  2 geckos
  2 jackals
  a fox
  a kobold
  4 goblins
  5 grid bugs
  a lichen
  3 newts
30 creatures vanquished.

No species were genocided or became extinct.

Game over:
                       ----------
                      /          \
                     /    REST    \
                    /      IN      \
                   /     PEACE      \
                  /                  \
                  |      Barrb       |
                  |      66 Au       |
                  |   killed by a    |
                  |    Green-elf     |
                  |                  |
                  |                  |
                  |       2026       |
                 *|     *  *  *      | *
        _________)/\\_//(\/(/\)/\//\/|_)_______

Goodbye Barrb the Barbarian...

You died in The Dungeons of Doom on dungeon level 6 with 974 points,
and 66 pieces of gold, after 2322 moves.
You were level 4 with a maximum of 54 hit points when you died.

